Map: Torres Crepusculares

Players

MeTabee

  • Race: Zerg Zerg
  • League: Grandmaster

TheZergLord - Winner!

  • Race: Zerg Zerg
  • League: Master

VOD

Have the link to the VOD?

Description

Time

  • Played on: May 24, 2016, 7:53 p.m.
  • Length: 9:36
Show
View Real Time Build Order
Export as new Build Order

MeTabee Zerg 

Build Orders: Hatch First 

Get SALT Encoding   

  12  0:01  Drone  
  13  0:09  Drone  
  14  0:17  Overlord  
  14  0:28  Extractor  
  14  0:29  Drone x2, Extractor  
  16  0:36  Drone  
  17  0:53  Hatchery  
  17  0:55  Drone  
  17  0:58  Drone  
  18  1:09  Extractor  
  17  1:13  Spawning Pool  
  17  1:16  Drone  
  17  1:19  Drone  
  18  1:27  Drone  
  19  1:38  Overlord  
  19  2:01  Queen  
  19  2:02  Drone, Zergling x2  
  19  2:05  Queen  
  19  2:06  Drone  
  26  2:09  Drone  
  26  2:11  Metabolic Boost  
  27  2:19  Drone  
  27  2:22  Drone  
  29  2:28  Drone  
  30  2:31  Drone  
  30  2:32  Evolution Chamber  
  30  2:37  Drone  
  30  2:40  Queen  
  33  2:46  Overlord  
  33  2:55  Drone x2  
  35  3:07  Zerg Ground Armor Level 1  
  35  3:08  Drone x3  
  38  3:15  Overlord  
  38  3:23  Baneling Nest  
  38  3:24  Drone x2  
  38  3:25  Drone  
  40  3:29  Drone  
  40  3:30  Zergling x6  
  43  3:34  Drone  
  44  3:43  Drone x2  
  44  3:44  Drone x2  
  44  3:47  Drone x2, Extractor  
  49  3:53  Drone x2  
  51  3:57  Drone  
  52  4:04  Overlord  
  52  4:06  Extractor  
  52  4:07  Drone  
  52  4:11  Lair  
  52  4:12  Hatchery  
  52  4:15  Drone  
  52  4:23  Drone x3  
  54  4:24  Drone  
  54  4:26  Extractor  
  54  4:51  Drone x2  
  54  4:52  Drone x2  
  58  4:55  Drone  
  58  4:56  Overlord x3  
  58  4:59  Overlord  
  59  5:00  Roach Warren  
  59  5:04  Zerg Missile Weapons Level 1  
  58  5:13  Overlord x2  
  58  5:17  Overseer  
  58  5:40  Roach x9  
  76  5:45  Roach x3  
  76  5:46  Roach x2  
  86  5:54  Roach  
  81  6:04  Roach  
  81  6:05  Roach x4  
  80  6:12  Roach x6  
  80  6:13  Roach  
  90  6:25  Drone x2  
  90  6:26  Zergling x6, Glial Reconstitution  
  89  6:35  Drone x4  
  89  6:38  Ravager  
  94  6:40  Ravager  
  92  6:50  Drone x2  
  94  6:55  Drone x3  
  94  6:56  Queen  
  94  6:59  Roach x3  
  94  7:00  Zergling x2  
  94  7:01  Overlord  
  106  7:20  Roach x4  
  106  7:21  Overlord x2  
  114  7:23  Overlord x2  
  114  7:27  Overlord  
  114  7:28  Overseer  
  114  7:41  Drone x7  
  114  7:42  Drone  
  122  7:46  Drone x2  
  122  7:47  Drone  
  122  7:49  Roach  
  125  8:00  Drone x3, Spire  
  125  8:01  Drone x2  
  125  8:03  Extractor  
  125  8:04  Extractor  
  127  8:06  Ravager x6  
  127  8:11  Drone x2  
  134  8:26  Hatchery  
  132  8:48  Roach x6  
  134  8:49  Roach x4, Overlord x3  
  134  8:50  Overlord x2  
  152  8:59  Overlord  
  152  9:00  Overlord  
  149  9:11  Roach x9  
Show
View Real Time Build Order
Export as new Build Order

TheZergLord Zerg - Winner!

Build Orders: Hatch First 

Get SALT Encoding   

  12  0:01  Drone  
  13  0:12  Overlord  
  13  0:17  Drone  
  14  0:31  Drone x2  
  14  0:34  Drone  
  17  0:52  Hatchery  
  17  0:55  Drone  
  17  1:09  Spawning Pool  
  16  1:12  Drone  
  16  1:16  Drone  
  18  1:18  Extractor  
  18  1:20  Drone  
  18  1:32  Drone  
  18  1:39  Overlord  
  19  1:51  Drone  
  20  1:56  Queen  
  20  2:01  Zergling x2  
  23  2:06  Queen, Drone  
  26  2:15  Drone x2  
  28  2:23  Drone  
  28  2:29  Drone  
  30  2:32  Queen  
  32  2:41  Queen  
  34  2:51  Overlord  
  33  3:08  Lair  
  33  3:09  Drone x2  
  33  3:10  Drone x6  
  41  3:16  Roach Warren  
  41  3:18  Evolution Chamber  
  39  3:21  Overlord  
  39  3:23  Drone  
  39  3:25  Drone  
  41  3:28  Extractor  
  41  3:32  Extractor  
  39  3:37  Overlord  
  39  3:38  Drone x2  
  39  3:39  Drone  
  42  3:41  Drone  
  42  3:45  Zerg Missile Weapons Level 1  
  42  3:47  Drone  
  44  3:58  Drone x5  
  49  4:07  Glial Reconstitution  
  49  4:10  Roach x3  
  49  4:14  Overseer  
  55  4:17  Overlord  
  55  4:19  Roach  
  55  4:22  Roach  
  59  4:27  Overlord  
  59  4:36  Overlord  
  59  4:37  Roach x2  
  59  4:38  Roach x2  
  67  4:48  Overlord  
  67  4:49  Overlord x2  
  67  4:56  Roach x3  
  67  4:58  Roach  
  75  5:05  Overlord  
  75  5:15  Roach x2  
  75  5:16  Roach x2  
  83  5:22  Roach x2  
  83  5:23  Roach  
  89  5:30  Drone  
  89  5:35  Roach x2  
  94  5:49  Roach x3  
  102  5:50  Hatchery, Roach  
  101  6:04  Roach x4  
  105  6:08  Roach x3  
  95  6:26  Roach x4  
  89  6:35  Zerg Missile Weapons Level 2  
  89  6:37  Roach x2  
  93  6:44  Roach  
  95  6:49  Drone  
  95  6:50  Drone  
  97  7:01  Drone x2  
  99  7:12  Drone x5  
  99  7:13  Drone x2  
  106  7:16  Overseer  
  106  7:18  Roach x2  
  106  7:21  Roach  
  106  7:22  Extractor x2  
  110  7:28  Overlord  
  110  7:35  Roach x2  
  114  7:38  Overlord x4  
  114  7:43  Overlord  
  114  7:47  Roach x3  
  114  7:48  Roach  
  114  7:49  Overlord x2  
  114  7:50  Overlord  
  122  8:00  Ravager x6  
  122  8:01  Roach x4  
  122  8:05  Roach x5  
  146  8:06  Roach  
  146  8:12  Roach x2  
  152  8:16  Roach x2  
  156  8:24  Roach x2  
  156  8:25  Roach x2  
  164  8:28  Roach  
  166  8:36  Drone x6  
  172  8:42  Hydralisk Den  
  172  8:44  Drone x3  
  172  8:45  Drone  
  175  8:50  Extractor  
  175  8:51  Overlord  
  175  8:52  Roach x2  
Tags
 
Add a new tag
Caveats
  • Supply blocks, unpowered buildings, or Contaminate may cause inaccurate times.
  • Supply counts are checked every 10 seconds.